2838 views
Uploaded 2020-02-22 05:54:38
Game version 1.32 / 1.32.1
26:21 long 4on4 ladder game on (8)Sanctuary_LV
Saved by Teelo
2838 views
Uploaded 2020-02-22 05:54:38
Game version 1.32 / 1.32.1
26:21 long 4on4 ladder game on (8)Sanctuary_LV

173 units @ 24.3k
/ 3.4k
81 buildings @ 13k
/ 6.3k


| Ritual Dagger | 1 | 125 |
| Rod of Necromancy | 1 | 150 |
| Orb of Corruption | 1 | 375 |
| Boots of Speed | 2 | 500 |
| Periapt of Vitality | 1 | 325 |
| total: | 6 | 1475g |
| Acolyte | 9 | 675 | / | 0 |
| Ghoul | 7 | 840 | / | 0 |
| Crypt Fiend | 7 | 1505 | / | 280 |
| Obsidian Statue | 4 | 800 | / | 140 |
| Abomination | 3 | 720 | / | 210 |
| Necromancer | 3 | 435 | / | 60 |
| Meat Wagon | 1 | 230 | / | 50 |
| total: | 34 | 5205g | / | 740w |
| Spirit Tower | 3 | 435 | / | 120 |
| Nerubian Tower | 1 | 100 | / | 20 |
| Graveyard | 1 | 215 | / | 0 |
| Crypt | 2 | 400 | / | 100 |
| Altar of Darkness | 1 | 180 | / | 50 |
| Ziggurat | 8 | 1200 | / | 400 |
| Tomb of Relics | 1 | 130 | / | 30 |
| Necropolis | 1 | 225 | / | 0 |
| Slaughterhouse | 2 | 280 | / | 270 |
| Temple of the Damned | 2 | 310 | / | 280 |
| Sacrificial Pit | 2 | 150 | / | 300 |
| Halls of the Dead | 1 | 320 | / | 210 |
| Black Citadel | 1 | 325 | / | 230 |
| total: | 20 | 3090g | / | 1430w |
| 0:04 | Acolyte |
| 0:08 | Acolyte |
| 0:21 | Graveyard |
| 0:22 | Acolyte |
| 0:26 | Crypt |
| 0:48 | Altar of Darkness |
| 1:02 | Ziggurat |
| 1:21 | Ziggurat |
| 1:30 | Ghoul |
| 1:42 | Ghoul |
| 2:05 | Tomb of Relics |
| 2:18 | Crypt Fiend |
| 2:47 | Crypt Fiend |
| 2:52 | Death Coil |
| 3:20 | Crypt Fiend |
| 3:26 | Ghoul |
| 3:58 | Ziggurat |
| 4:01 | Ritual Dagger |
| 4:05 | Rod of Necromancy |
| 4:43 | Unholy Aura |
| 4:58 | Halls of the Dead |
| 5:13 | Crypt Fiend |
| 5:15 | Creature Attack |
| 5:53 | Spirit Tower |
| 5:56 | Nerubian Tower |
| 7:54 | Slaughterhouse |
| 8:01 | Death Coil |
| 8:08 | Acolyte |
| 8:19 | Web |
| 8:28 | Necropolis |
| 8:36 | Crypt Fiend |
| 8:40 | Ziggurat |
| 8:49 | Vampiric Aura |
| 10:01 | Obsidian Statue |
| 10:01 | Obsidian Statue |
| 10:05 | Spirit Tower |
| 10:07 | Burrow |
| 10:09 | Improved Creature Attack |
| 10:47 | Sleep |
| 11:09 | Boots of Speed |
| 11:15 | Boots of Speed |
| 11:19 | Periapt of Vitality |
| 11:23 | Acolyte |
| 11:23 | Acolyte |
| 11:24 | Acolyte |
| 11:24 | Acolyte |
| 11:41 | Temple of the Damned |
| 11:45 | Sacrificial Pit |
| 11:48 | Sacrificial Pit |
| 11:51 | Unholy Strength |
| 11:53 | Exhume Corpses |
| 13:19 | Unholy Aura |
| 13:45 | Skeletal Mastery |
| 13:47 | Necromancer Adept Training |
| 13:49 | Cannibalize |
| 13:50 | Black Citadel |
| 13:53 | Ghoul |
| 13:53 | Ghoul |
| 13:56 | Spirit Tower |
| 14:50 | Vampiric Aura |
| 15:14 | Temple of the Damned |
| 15:19 | Slaughterhouse |
| 15:33 | Acolyte |
| 15:43 | Improved Unholy Strength |
| 15:44 | Unholy Armor |
| 15:45 | Creature Carapace |
| 16:20 | Abomination |
| 16:22 | Disease Cloud |
| 17:26 | Crypt |
| 17:39 | Ziggurat |
| 17:40 | Ziggurat |
| 17:42 | Ziggurat |
| 17:44 | Ziggurat |
| 17:47 | Ghoul |
| 17:47 | Ghoul |
| 17:49 | Ghoul Frenzy |
| 18:51 | Death Coil |
| 19:17 | Necromancer |
| 19:17 | Necromancer |
| 19:18 | Necromancer |
| 19:21 | Obsidian Statue |
| 19:22 | Meat Wagon |
| 19:45 | Abomination |
| 19:47 | Advanced Unholy Strength |
| 19:48 | Advanced Creature Attack |
| 20:10 | Orb of Corruption |
| 20:52 | Necromancer Master Training |
| 20:59 | Sleep |
| 23:43 | Obsidian Statue |
| 24:22 | Abomination |
| 24:25 | Crypt Fiend |
| 24:26 | Crypt Fiend |
| 25:33 | Animate Dead |
| 25:38 | Vampiric Aura |
| Right click | 1098 |
| Select group | 239 |
| Select | 228 |
| Build/train/purchase | 119 |
| Use ability | 43 |
| Assign group | 19 |
| Item give/drop | 6 |
| Minimap ping | 5 |
| Esc | 4 |
| Chat | 4 |



| Healing Salve | 4 | 400 |
| Lesser Clarity Potion | 3 | 210 |
| Orb of Lightning | 2 | 750 |
| Scroll of Speed | 1 | 50 |
| Scroll of Town Portal | 2 | 700 |
| total: | 12 | 2110g |
| Peon | 13 | 975 | / | 0 |
| Tauren | 17 | 4760 | / | 1360 |
| Troll Witch Doctor | 1 | 145 | / | 25 |
| total: | 31 | 5880g | / | 1385w |
| Altar of Storms | 1 | 180 | / | 50 |
| Orc Burrow | 6 | 960 | / | 240 |
| Voodoo Lounge | 1 | 130 | / | 30 |
| War Mill | 1 | 205 | / | 0 |
| Great Hall | 1 | 385 | / | 185 |
| Tauren Totem | 2 | 270 | / | 310 |
| Spirit Lodge | 1 | 150 | / | 150 |
| Stronghold | 1 | 315 | / | 190 |
| Fortress | 1 | 325 | / | 190 |
| total: | 13 | 2280g | / | 965w |
| 0:03 | Altar of Storms |
| 0:04 | Peon |
| 0:06 | Peon |
| 0:19 | Orc Burrow |
| 0:31 | Peon |
| 0:40 | Voodoo Lounge |
| 0:41 | Peon |
| 1:06 | Peon |
| 1:27 | Peon |
| 1:29 | Peon |
| 1:32 | Peon |
| 1:40 | War Mill |
| 2:17 | Wind Walk |
| 2:20 | Stronghold |
| 2:27 | Orc Burrow |
| 3:03 | Healing Salve |
| 3:03 | Lesser Clarity Potion |
| 3:24 | Orc Burrow |
| 4:34 | Steel Melee Weapons |
| 4:40 | Fortress |
| 4:42 | Tauren Totem |
| 4:44 | Tauren Totem |
| 5:21 | Critical Strike |
| 5:57 | Steel Armor |
| 6:01 | Orc Burrow |
| 6:34 | Spirit Lodge |
| 7:02 | Tauren |
| 7:04 | Peon |
| 7:15 | Orb of Lightning |
| 7:21 | Shockwave |
| 7:28 | Pulverize |
| 7:51 | Tauren |
| 8:19 | Shaman Adept Training |
| 8:33 | Tauren |
| 8:37 | Thorium Melee Weapons |
| 8:59 | Tauren |
| 9:06 | Critical Strike |
| 9:27 | Endurance Aura |
| 10:09 | Great Hall |
| 10:15 | Orc Burrow |
| 10:41 | Shockwave |
| 10:44 | Shaman Master Training |
| 10:46 | Orc Burrow |
| 10:47 | Witch Doctor Adept Training |
| 11:22 | Tauren |
| 11:26 | Healing Salve |
| 11:55 | Thorium Armor |
| 12:32 | Wind Walk |
| 13:57 | Endurance Aura |
| 15:13 | Tauren |
| 15:16 | Peon |
| 15:16 | Peon |
| 15:32 | Tauren |
| 15:34 | Witch Doctor Master Training |
| 15:43 | Arcanite Armor |
| 15:47 | Peon |
| 16:03 | Peon |
| 16:55 | Tauren |
| 17:09 | Lesser Clarity Potion |
| 17:14 | Arcanite Melee Weapons |
| 17:43 | Tauren |
| 17:45 | Tauren |
| 17:46 | Tauren |
| 18:09 | Tauren |
| 18:22 | Tauren |
| 19:09 | Critical Strike |
| 20:57 | Tauren |
| 20:59 | Tauren |
| 21:01 | Lesser Clarity Potion |
| 21:01 | Orb of Lightning |
| 21:04 | Scroll of Town Portal |
| 21:05 | Scroll of Speed |
| 21:10 | Scroll of Town Portal |
| 21:21 | Troll Witch Doctor |
| 21:37 | Shockwave |
| 21:41 | Healing Salve |
| 21:53 | Healing Salve |
| 22:07 | Spiked Barricades |
| 22:08 | Reinforced Defenses |
| 22:36 | Black Arrow |
| 23:53 | Bladestorm |
| 23:55 | Reincarnation |
| 25:01 | Life Drain |
| 25:57 | Endurance Aura |
| 26:06 | Tauren |
| 26:06 | Tauren |
| 26:10 | Wind Walk |
| 26:12 | Black Arrow |
| Right click | 954 |
| Select | 546 |
| Build/train/purchase | 108 |
| Use ability | 36 |
| Misc. action | 5 |
| Remove unit | 3 |
| Minimap ping | 1 |


| Lesser Clarity Potion | 1 | 70 |
| Potion of Healing | 2 | 300 |
| Orb of Venom | 1 | 325 |
| Scroll of Healing | 1 | 250 |
| total: | 5 | 945g |
| Wisp | 21 | 1260 | / | 0 |
| Archer | 29 | 3770 | / | 290 |
| Hippogryph | 9 | 1440 | / | 180 |
| Druid of the Talon | 7 | 1015 | / | 140 |
| Druid of the Claw | 1 | 255 | / | 80 |
| total: | 67 | 7740g | / | 690w |
| Ancient of War | 1 | 150 | / | 60 |
| Altar of Elders | 1 | 180 | / | 50 |
| Moon Well | 9 | 1620 | / | 360 |
| Hunter's Hall | 1 | 210 | / | 100 |
| Ancient of Wonders | 1 | 90 | / | 30 |
| Tree of Life | 2 | 680 | / | 370 |
| Ancient of Wind | 2 | 300 | / | 280 |
| Ancient of Lore | 1 | 155 | / | 145 |
| Tree of Ages | 1 | 320 | / | 180 |
| Tree of Eternity | 1 | 330 | / | 200 |
| total: | 18 | 3385g | / | 1395w |
| 0:03 | Wisp |
| 0:04 | Wisp |
| 0:16 | Ancient of War |
| 0:23 | Altar of Elders |
| 0:34 | Moon Well |
| 0:38 | Wisp |
| 0:38 | Wisp |
| 0:50 | Wisp |
| 1:28 | Archer |
| 1:39 | Moon Well |
| 1:48 | Archer |
| 1:58 | Archer |
| 2:18 | Moon Well |
| 2:29 | Mana Burn |
| 2:38 | Archer |
| 2:38 | Archer |
| 2:41 | Wisp |
| 3:02 | Wisp |
| 3:15 | Moon Well |
| 4:50 | Archer |
| 4:54 | Archer |
| 4:58 | Moon Well |
| 5:04 | Wisp |
| 5:23 | Archer |
| 5:29 | Hunter's Hall |
| 5:36 | Ancient of Wonders |
| 5:46 | Evasion |
| 6:25 | Archer |
| 6:25 | Archer |
| 6:27 | Tree of Ages |
| 6:37 | Strength of the Moon |
| 7:06 | Archer |
| 7:29 | Moon Well |
| 7:56 | Tree of Life |
| 8:01 | Mana Burn |
| 8:13 | Moon Armor |
| 8:56 | Ancient of Wind |
| 9:01 | Wisp |
| 9:57 | Ancient of Wind |
| 10:11 | Hippogryph |
| 10:13 | Druid of the Talon |
| 10:16 | Wisp |
| 10:16 | Wisp |
| 10:19 | Wisp |
| 10:19 | Wisp |
| 10:19 | Wisp |
| 10:19 | Wisp |
| 10:40 | Scroll of Healing |
| 11:02 | Hippogryph |
| 11:06 | Hippogryph |
| 11:42 | Evasion |
| 11:58 | Hippogryph |
| 12:03 | Improved Bows |
| 12:04 | Wisp |
| 12:05 | Wisp |
| 12:10 | Moon Well |
| 12:41 | Trueshot Aura |
| 13:39 | Hippogryph |
| 13:41 | Archer |
| 13:41 | Archer |
| 13:44 | Tree of Eternity |
| 14:13 | Tree of Life |
| 14:54 | Searing Arrows |
| 15:28 | Mana Burn |
| 15:39 | Druid of the Talon |
| 15:41 | Archer |
| 15:41 | Archer |
| 16:06 | Hippogryph |
| 16:15 | Marksmanship |
| 16:37 | Wisp |
| 16:38 | Wisp |
| 16:38 | Wisp |
| 16:38 | Wisp |
| 16:50 | Trueshot Aura |
| 17:16 | Archer |
| 17:16 | Archer |
| 17:17 | Improved Strength of the Moon |
| 17:18 | Advanced Strength of the Moon |
| 18:41 | Searing Arrows |
| 19:16 | Archer |
| 19:16 | Archer |
| 19:16 | Archer |
| 19:17 | Druid of the Talon |
| 19:17 | Druid of the Talon |
| 19:18 | Hippogryph |
| 19:18 | Hippogryph |
| 19:38 | Archer |
| 19:47 | Lesser Clarity Potion |
| 19:58 | Potion of Healing |
| 20:02 | Potion of Healing |
| 20:03 | Orb of Venom |
| 20:22 | Ancient of Lore |
| 20:51 | Archer |
| 20:52 | Archer |
| 20:52 | Archer |
| 20:52 | Archer |
| 20:52 | Archer |
| 20:52 | Archer |
| 20:52 | Archer |
| 20:53 | Archer |
| 20:55 | Improved Moon Armor |
| 20:56 | Well Spring |
| 20:59 | Hippogryph |
| 21:21 | Druid of the Talon |
| 21:23 | Druid of the Talon Adept Training |
| 21:51 | Metamorphosis |
| 23:21 | Trueshot Aura |
| 24:16 | Druid of the Talon |
| 24:17 | Druid of the Talon Master Training |
| 24:48 | Moon Well |
| 24:53 | Moon Well |
| 24:57 | Advanced Moon Armor |
| 25:01 | Druid of the Claw Adept Training |
| 25:35 | Evasion |
| 25:55 | Druid of the Claw |
| 25:58 | Druid of the Talon |
| 26:00 | Mark of the Talon |
| Right click | 1055 |
| Select | 511 |
| Build/train/purchase | 123 |
| Select group | 114 |
| Use ability | 38 |
| Assign group | 30 |
| Misc. action | 27 |
| Chat | 14 |
| Remove unit | 3 |
| Minimap ping | 3 |
| Item give/drop | 1 |

| Lesser Clarity Potion | 3 | 210 |
| Potion of Healing | 1 | 150 |
| Orb of Lightning | 1 | 375 |
| Healing Salve | 1 | 100 |
| Potion of Mana | 3 | 600 |
| Tiny Great Hall | 1 | 600 |
| Scroll of Town Portal | 1 | 350 |
| Orb of Venom | 1 | 325 |
| Anti-magic Potion | 1 | 100 |
| total: | 13 | 2810g |
| Peon | 15 | 1125 | / | 0 |
| Grunt | 7 | 1400 | / | 0 |
| Shaman | 10 | 1300 | / | 200 |
| Troll Witch Doctor | 7 | 1015 | / | 175 |
| Tauren | 1 | 280 | / | 80 |
| Goblin Shredder | 1 | 375 | / | 100 |
| total: | 41 | 5495g | / | 555w |
| Watch Tower | 15 | 1650 | / | 1200 |
| Altar of Storms | 1 | 180 | / | 50 |
| Orc Burrow | 5 | 800 | / | 200 |
| Barracks | 1 | 180 | / | 50 |
| Voodoo Lounge | 1 | 130 | / | 30 |
| War Mill | 1 | 205 | / | 0 |
| Great Hall | 1 | 385 | / | 185 |
| Spirit Lodge | 3 | 450 | / | 450 |
| Tauren Totem | 2 | 270 | / | 310 |
| Stronghold | 1 | 315 | / | 190 |
| Fortress | 1 | 325 | / | 190 |
| total: | 30 | 4250g | / | 2475w |
| 0:03 | Peon |
| 0:03 | Peon |
| 0:03 | Peon |
| 0:32 | Altar of Storms |
| 0:37 | Orc Burrow |
| 0:40 | Peon |
| 0:41 | Peon |
| 0:52 | Barracks |
| 1:05 | Peon |
| 1:05 | Peon |
| 1:43 | Voodoo Lounge |
| 1:55 | War Mill |
| 2:01 | Orc Burrow |
| 2:14 | Grunt |
| 2:35 | Chain Lighting |
| 3:12 | Grunt |
| 3:13 | Stronghold |
| 3:24 | Grunt |
| 3:27 | Orc Burrow |
| 3:30 | Watch Tower |
| 3:35 | Lesser Clarity Potion |
| 3:59 | Grunt |
| 4:44 | Far Sight |
| 5:05 | Watch Tower |
| 5:07 | Steel Armor |
| 5:24 | Grunt |
| 5:26 | Orc Burrow |
| 5:47 | Spirit Lodge |
| 5:51 | Spirit Lodge |
| 6:18 | Berserker Strength |
| 6:20 | Peon |
| 6:21 | Peon |
| 6:23 | Spirit Lodge |
| 6:44 | Grunt |
| 6:53 | Goblin Shredder |
| 7:01 | Chain Lighting |
| 7:13 | Grunt |
| 7:51 | Fortress |
| 7:52 | Shaman Adept Training |
| 7:53 | Witch Doctor Adept Training |
| 8:13 | Shaman |
| 8:55 | Great Hall |
| 9:12 | Shaman |
| 9:34 | Watch Tower |
| 9:38 | Watch Tower |
| 10:13 | Shaman Master Training |
| 10:21 | Watch Tower |
| 10:22 | Watch Tower |
| 10:30 | Witch Doctor Master Training |
| 10:31 | Shaman |
| 10:32 | Shaman |
| 10:44 | Far Sight |
| 11:02 | Watch Tower |
| 11:11 | Pillage |
| 11:13 | Thorium Armor |
| 11:18 | Reinforced Defenses |
| 12:02 | Shaman |
| 12:03 | Troll Witch Doctor |
| 12:06 | Steel Melee Weapons |
| 12:28 | Peon |
| 13:11 | Scroll of Town Portal |
| 13:11 | Potion of Healing |
| 13:11 | Orb of Lightning |
| 13:13 | Healing Salve |
| 13:18 | Potion of Mana |
| 13:18 | Lesser Clarity Potion |
| 13:31 | Tiny Great Hall |
| 13:39 | Troll Witch Doctor |
| 13:45 | Watch Tower |
| 13:51 | Watch Tower |
| 14:08 | Watch Tower |
| 14:09 | Watch Tower |
| 14:53 | Watch Tower |
| 14:54 | Watch Tower |
| 15:39 | Chain Lighting |
| 15:40 | Chain Lighting |
| 15:50 | Shaman |
| 15:50 | Troll Witch Doctor |
| 15:52 | Arcanite Armor |
| 15:55 | Peon |
| 15:55 | Peon |
| 15:55 | Peon |
| 15:55 | Peon |
| 16:17 | Potion of Mana |
| 16:17 | Lesser Clarity Potion |
| 16:19 | Potion of Mana |
| 16:21 | Orb of Venom |
| 16:24 | Anti-magic Potion |
| 16:37 | Spiked Barricades |
| 16:58 | Troll Witch Doctor |
| 18:31 | Troll Witch Doctor |
| 19:19 | Shaman |
| 19:21 | Watch Tower |
| 19:22 | Watch Tower |
| 20:00 | Thorium Melee Weapons |
| 20:01 | Improved Spiked Barricades |
| 20:07 | Orc Burrow |
| 20:11 | Peon |
| 20:13 | Tauren Totem |
| 20:14 | Tauren Totem |
| 20:46 | Earth Quake |
| 21:43 | Shaman |
| 21:44 | Troll Witch Doctor |
| 22:40 | Shaman |
| 22:40 | Shaman |
| 22:57 | Tauren |
| 22:58 | Pulverize |
| 23:00 | Far Sight |
| 24:37 | Arcanite Melee Weapons |
| 25:21 | Troll Witch Doctor |
| 25:41 | Feral Spirit |
| Select group | 534 |
| Right click | 348 |
| Select | 167 |
| Chat | 161 |
| Misc. action | 140 |
| Use ability | 120 |
| Assign group | 110 |
| Build/train/purchase | 98 |
| Minimap ping | 5 |
| Remove unit | 4 |
| Item give/drop | 3 |
274 units @ 34.7k
/ 4.4k
63 buildings @ 11.6k
/ 4.2k

| Healing Salve | 1 | 100 |
| Potion of Mana | 5 | 1000 |
| Potion of Healing | 6 | 900 |
| Orb of Lightning | 1 | 375 |
| Scroll of Town Portal | 3 | 1050 |
| total: | 16 | 3425g |
| Peon | 13 | 975 | / | 0 |
| Grunt | 3 | 600 | / | 0 |
| Troll Headhunter | 10 | 1400 | / | 200 |
| Shaman | 14 | 1820 | / | 280 |
| Troll Berserker | 20 | 2800 | / | 400 |
| total: | 60 | 7595g | / | 880w |
| Watch Tower | 3 | 330 | / | 240 |
| Altar of Storms | 1 | 180 | / | 50 |
| Orc Burrow | 5 | 800 | / | 200 |
| Barracks | 1 | 180 | / | 50 |
| War Mill | 1 | 205 | / | 0 |
| Voodoo Lounge | 1 | 130 | / | 30 |
| Great Hall | 1 | 385 | / | 185 |
| Spirit Lodge | 2 | 300 | / | 300 |
| Stronghold | 1 | 315 | / | 190 |
| Fortress | 1 | 325 | / | 190 |
| total: | 15 | 2510g | / | 1055w |
| 0:03 | Peon |
| 0:03 | Peon |
| 0:04 | Peon |
| 0:10 | Altar of Storms |
| 0:18 | Orc Burrow |
| 0:47 | Barracks |
| 0:52 | Peon |
| 0:52 | Peon |
| 1:22 | Peon |
| 1:22 | Peon |
| 1:49 | Orc Burrow |
| 1:53 | Grunt |
| 2:14 | War Mill |
| 2:24 | Voodoo Lounge |
| 2:34 | Shockwave |
| 2:44 | Grunt |
| 3:14 | Grunt |
| 3:19 | Orc Burrow |
| 3:36 | Troll Headhunter |
| 3:55 | Troll Headhunter |
| 3:55 | Troll Headhunter |
| 4:02 | Steel Ranged Weapons |
| 4:14 | Healing Salve |
| 4:32 | Troll Headhunter |
| 4:32 | Troll Headhunter |
| 5:08 | Troll Headhunter |
| 5:15 | Stronghold |
| 5:27 | Endurance Aura |
| 5:34 | Troll Headhunter |
| 5:40 | Orc Burrow |
| 5:58 | Troll Headhunter |
| 6:19 | Steel Armor |
| 6:31 | Shockwave |
| 6:39 | Troll Headhunter |
| 6:56 | Great Hall |
| 7:40 | Troll Regeneration |
| 7:41 | Fortress |
| 8:00 | Troll Headhunter |
| 8:06 | Endurance Aura |
| 8:34 | Thorium Ranged Weapons |
| 8:46 | Spirit Lodge |
| 8:53 | Spirit Lodge |
| 9:23 | Orc Burrow |
| 10:05 | Shaman Adept Training |
| 10:07 | Berserker Upgrade |
| 10:21 | Peon |
| 10:21 | Peon |
| 10:21 | Peon |
| 10:21 | Peon |
| 10:49 | Shaman |
| 10:49 | Shaman |
| 11:05 | Watch Tower |
| 11:15 | Watch Tower |
| 11:19 | Watch Tower |
| 11:40 | Shockwave |
| 11:52 | Troll Berserker |
| 12:41 | Shaman Master Training |
| 13:30 | Shaman |
| 13:32 | Troll Berserker |
| 13:32 | Troll Berserker |
| 14:03 | Shaman |
| 14:05 | Troll Berserker |
| 14:14 | Thorium Armor |
| 14:19 | Troll Berserker |
| 14:23 | Peon |
| 14:23 | Peon |
| 14:40 | Potion of Mana |
| 14:40 | Potion of Mana |
| 14:43 | Potion of Healing |
| 14:46 | Orb of Lightning |
| 15:13 | Reincarnation |
| 16:19 | Troll Berserker |
| 16:20 | Troll Berserker |
| 16:24 | Shaman |
| 16:27 | Arcanite Ranged Weapons |
| 16:38 | Potion of Mana |
| 16:43 | Scroll of Town Portal |
| 17:26 | Arcanite Armor |
| 17:29 | Shaman |
| 18:23 | Endurance Aura |
| 18:30 | Troll Berserker |
| 18:30 | Troll Berserker |
| 18:56 | Shaman |
| 18:56 | Shaman |
| 18:56 | Shaman |
| 18:57 | Troll Berserker |
| 18:57 | Troll Berserker |
| 19:56 | Troll Berserker |
| 19:56 | Troll Berserker |
| 19:56 | Troll Berserker |
| 19:58 | Reinforced Defenses |
| 20:25 | Potion of Mana |
| 20:27 | Potion of Healing |
| 21:07 | Troll Berserker |
| 21:07 | Troll Berserker |
| 21:12 | Shaman |
| 21:12 | Shaman |
| 22:09 | Potion of Healing |
| 22:11 | Scroll of Town Portal |
| 22:30 | War Stomp |
| 23:12 | Shaman |
| 23:13 | Troll Berserker |
| 23:13 | Troll Berserker |
| 23:17 | Potion of Healing |
| 23:20 | Potion of Healing |
| 23:24 | Potion of Mana |
| 23:28 | Scroll of Town Portal |
| 24:00 | Potion of Healing |
| 24:05 | Troll Berserker |
| 24:07 | Troll Berserker |
| 24:12 | Shaman |
| 24:12 | Shaman |
| Right click | 1312 |
| Select | 300 |
| Build/train/purchase | 116 |
| Select group | 53 |
| Use ability | 30 |
| Assign group | 19 |
| Item give/drop | 5 |
| Misc. action | 3 |
| Remove unit | 1 |

| Lesser Clarity Potion | 9 | 630 |
| Healing Salve | 3 | 300 |
| Potion of Mana | 3 | 600 |
| Potion of Healing | 1 | 150 |
| Scroll of Town Portal | 1 | 350 |
| total: | 17 | 2030g |
| Peon | 14 | 1050 | / | 0 |
| Troll Headhunter | 13 | 1820 | / | 260 |
| Shaman | 11 | 1430 | / | 220 |
| Troll Berserker | 31 | 4340 | / | 620 |
| total: | 69 | 8640g | / | 1100w |
| Watch Tower | 3 | 330 | / | 240 |
| Orc Burrow | 7 | 1120 | / | 280 |
| Altar of Storms | 1 | 180 | / | 50 |
| War Mill | 1 | 205 | / | 0 |
| Barracks | 2 | 360 | / | 100 |
| Voodoo Lounge | 1 | 130 | / | 30 |
| Great Hall | 1 | 385 | / | 185 |
| Spirit Lodge | 1 | 150 | / | 150 |
| Stronghold | 1 | 315 | / | 190 |
| Fortress | 1 | 325 | / | 190 |
| total: | 17 | 2860g | / | 1035w |
| 0:03 | Peon |
| 0:03 | Peon |
| 0:04 | Peon |
| 0:04 | Peon |
| 0:04 | Peon |
| 0:04 | Peon |
| 0:28 | Orc Burrow |
| 0:42 | Altar of Storms |
| 1:05 | War Mill |
| 1:17 | Barracks |
| 1:31 | Voodoo Lounge |
| 1:36 | Peon |
| 2:00 | Orc Burrow |
| 2:11 | Peon |
| 2:12 | Peon |
| 2:35 | Orc Burrow |
| 2:47 | Lesser Clarity Potion |
| 2:48 | Lesser Clarity Potion |
| 2:48 | Healing Salve |
| 3:06 | Troll Headhunter |
| 3:15 | Troll Headhunter |
| 3:30 | Serpent Ward |
| 3:58 | Troll Headhunter |
| 3:58 | Troll Headhunter |
| 3:58 | Troll Headhunter |
| 4:58 | Stronghold |
| 5:04 | Watch Tower |
| 5:11 | Watch Tower |
| 5:56 | Troll Headhunter |
| 5:56 | Troll Headhunter |
| 5:57 | Troll Headhunter |
| 6:04 | Orc Burrow |
| 6:09 | Troll Headhunter |
| 6:28 | Healing Salve |
| 6:28 | Healing Salve |
| 6:30 | Lesser Clarity Potion |
| 6:56 | Troll Headhunter |
| 6:58 | Steel Ranged Weapons |
| 7:29 | Fortress |
| 7:39 | Spirit Lodge |
| 7:56 | Reinforced Defenses |
| 7:57 | Lesser Clarity Potion |
| 7:59 | Lesser Clarity Potion |
| 8:22 | Troll Headhunter |
| 8:24 | Troll Regeneration |
| 8:44 | Barracks |
| 8:47 | Lesser Clarity Potion |
| 8:55 | Shaman Adept Training |
| 10:03 | Great Hall |
| 10:27 | Shaman Master Training |
| 10:28 | Shaman |
| 10:29 | Shaman |
| 10:31 | Berserker Upgrade |
| 10:35 | Troll Headhunter |
| 11:03 | Troll Headhunter |
| 11:23 | Thorium Ranged Weapons |
| 11:41 | Troll Berserker |
| 11:51 | Orc Burrow |
| 12:08 | Healing Wave |
| 12:17 | Troll Berserker |
| 12:20 | Troll Berserker |
| 12:44 | Orc Burrow |
| 12:49 | Troll Berserker |
| 13:28 | Shaman |
| 13:29 | Shaman |
| 13:30 | Troll Berserker |
| 13:46 | Steel Armor |
| 14:30 | Troll Berserker |
| 14:56 | Potion of Mana |
| 15:01 | Potion of Healing |
| 15:06 | Healing Wave |
| 15:08 | Serpent Ward |
| 15:39 | Troll Berserker |
| 15:43 | Peon |
| 15:43 | Peon |
| 15:52 | Lesser Clarity Potion |
| 16:19 | Shaman |
| 16:20 | Shaman |
| 16:22 | Troll Berserker |
| 17:30 | Peon |
| 17:31 | Peon |
| 17:31 | Peon |
| 17:36 | Troll Berserker |
| 17:37 | Troll Berserker |
| 17:46 | Watch Tower |
| 18:03 | Thorium Armor |
| 18:06 | Shaman |
| 18:17 | Troll Berserker |
| 18:21 | Troll Berserker |
| 18:44 | Troll Berserker |
| 18:45 | Troll Berserker |
| 19:02 | Orc Burrow |
| 19:05 | Troll Berserker |
| 19:21 | Troll Berserker |
| 19:24 | Lesser Clarity Potion |
| 20:10 | Troll Berserker |
| 20:10 | Troll Berserker |
| 20:10 | Troll Berserker |
| 20:10 | Troll Berserker |
| 20:47 | Scroll of Town Portal |
| 20:48 | Lesser Clarity Potion |
| 20:49 | Potion of Mana |
| 21:04 | Troll Berserker |
| 21:44 | Troll Berserker |
| 21:47 | Troll Berserker |
| 21:50 | Troll Berserker |
| 23:06 | Serpent Ward |
| 23:31 | Shaman |
| 23:32 | Shaman |
| 23:32 | Shaman |
| 23:32 | Shaman |
| 23:34 | Troll Berserker |
| 23:34 | Troll Berserker |
| 23:34 | Troll Berserker |
| 23:34 | Troll Berserker |
| 24:12 | Troll Berserker |
| 24:12 | Troll Berserker |
| 24:12 | Troll Berserker |
| 24:48 | Potion of Mana |
| 25:06 | Big Bad Voodoo |
| 25:10 | Big Bad Voodoo |
| Right click | 264 |
| Select | 260 |
| Build/train/purchase | 126 |
| Chat | 78 |
| Use ability | 61 |
| Item give/drop | 3 |
| Misc. action | 2 |
| Minimap ping | 2 |

| Lesser Clarity Potion | 7 | 490 |
| Orb of Lightning | 1 | 375 |
| Potion of Healing | 1 | 150 |
| Potion of Mana | 1 | 200 |
| total: | 10 | 1215g |
| Peon | 22 | 1650 | / | 0 |
| Troll Headhunter | 10 | 1400 | / | 200 |
| Shaman | 6 | 780 | / | 120 |
| Troll Berserker | 13 | 1820 | / | 260 |
| Troll Witch Doctor | 1 | 145 | / | 25 |
| Goblin Shredder | 2 | 750 | / | 200 |
| total: | 54 | 6545g | / | 805w |
| Altar of Storms | 1 | 180 | / | 50 |
| Orc Burrow | 9 | 1440 | / | 360 |
| Voodoo Lounge | 1 | 130 | / | 30 |
| Barracks | 2 | 360 | / | 100 |
| War Mill | 1 | 205 | / | 0 |
| Great Hall | 4 | 1540 | / | 740 |
| Spirit Lodge | 2 | 300 | / | 300 |
| Stronghold | 1 | 315 | / | 190 |
| Fortress | 1 | 325 | / | 190 |
| total: | 20 | 4155g | / | 1580w |
| 0:13 | Altar of Storms |
| 0:15 | Orc Burrow |
| 0:17 | Peon |
| 0:17 | Peon |
| 0:28 | Peon |
| 0:28 | Peon |
| 0:49 | Peon |
| 0:49 | Peon |
| 0:57 | Peon |
| 0:57 | Peon |
| 1:08 | Voodoo Lounge |
| 1:37 | Peon |
| 1:37 | Peon |
| 1:53 | Peon |
| 1:53 | Peon |
| 1:58 | Barracks |
| 2:17 | War Mill |
| 2:22 | Serpent Ward |
| 2:48 | Orc Burrow |
| 3:13 | Barracks |
| 3:17 | Orc Burrow |
| 4:36 | Stronghold |
| 4:49 | Troll Headhunter |
| 4:49 | Troll Headhunter |
| 4:53 | Orc Burrow |
| 5:17 | Troll Headhunter |
| 5:21 | Steel Ranged Weapons |
| 5:26 | Lesser Clarity Potion |
| 5:31 | Lesser Clarity Potion |
| 5:31 | Lesser Clarity Potion |
| 6:05 | Troll Headhunter |
| 6:21 | Troll Headhunter |
| 6:49 | Troll Headhunter |
| 7:40 | Fortress |
| 7:44 | Spirit Lodge |
| 7:47 | Spirit Lodge |
| 8:01 | Healing Wave |
| 8:12 | Troll Headhunter |
| 8:53 | Serpent Ward |
| 9:07 | Shaman Adept Training |
| 9:07 | Witch Doctor Adept Training |
| 9:18 | Great Hall |
| 9:27 | Troll Headhunter |
| 10:03 | Great Hall |
| 10:49 | Great Hall |
| 10:53 | Great Hall |
| 10:58 | Berserker Upgrade |
| 10:58 | Troll Headhunter |
| 10:59 | Troll Headhunter |
| 11:15 | Shaman Master Training |
| 11:15 | Witch Doctor Master Training |
| 11:22 | Orc Burrow |
| 11:59 | Healing Wave |
| 12:25 | Shaman |
| 12:25 | Shaman |
| 12:30 | Orc Burrow |
| 12:31 | Thorium Ranged Weapons |
| 13:34 | Troll Berserker |
| 13:34 | Troll Berserker |
| 13:49 | Troll Berserker |
| 13:56 | Troll Berserker |
| 15:12 | Serpent Ward |
| 15:23 | Troll Berserker |
| 15:23 | Troll Berserker |
| 15:24 | Troll Berserker |
| 15:41 | Peon |
| 15:42 | Peon |
| 15:49 | Lesser Clarity Potion |
| 15:49 | Lesser Clarity Potion |
| 16:24 | Troll Berserker |
| 16:30 | Shaman |
| 16:30 | Shaman |
| 16:36 | Peon |
| 16:36 | Peon |
| 16:37 | Peon |
| 16:49 | Peon |
| 17:07 | Goblin Shredder |
| 17:07 | Goblin Shredder |
| 17:26 | Troll Berserker |
| 19:08 | Big Bad Voodoo |
| 19:20 | Troll Berserker |
| 19:22 | Orc Burrow |
| 19:30 | Shaman |
| 19:30 | Shaman |
| 19:31 | Troll Witch Doctor |
| 19:40 | Orc Burrow |
| 19:44 | Orc Burrow |
| 21:06 | Troll Berserker |
| 21:09 | Troll Berserker |
| 21:09 | Troll Berserker |
| 21:20 | Peon |
| 21:20 | Peon |
| 21:20 | Peon |
| 21:24 | Peon |
| 21:43 | Orb of Lightning |
| 21:45 | Lesser Clarity Potion |
| 21:51 | Potion of Healing |
| 21:55 | Lesser Clarity Potion |
| 21:57 | Potion of Mana |
| 25:40 | Hex |
| Right click | 791 |
| Select | 290 |
| Build/train/purchase | 115 |
| Use ability | 59 |
| Misc. action | 24 |
| Select group | 24 |
| Minimap ping | 15 |
| Assign group | 4 |

| Potion of Healing | 6 | 900 |
| Healing Salve | 2 | 200 |
| Potion of Mana | 3 | 600 |
| Orb of Lightning | 1 | 375 |
| Scroll of Town Portal | 2 | 700 |
| total: | 14 | 2775g |
| Peon | 12 | 900 | / | 0 |
| Troll Headhunter | 20 | 2800 | / | 400 |
| Troll Berserker | 59 | 8260 | / | 1180 |
| total: | 91 | 11960g | / | 1580w |
| Altar of Storms | 1 | 180 | / | 50 |
| Orc Burrow | 5 | 800 | / | 200 |
| War Mill | 1 | 205 | / | 0 |
| Barracks | 2 | 360 | / | 100 |
| Voodoo Lounge | 1 | 130 | / | 30 |
| Great Hall | 1 | 385 | / | 185 |
| Stronghold | 1 | 315 | / | 190 |
| Fortress | 1 | 325 | / | 190 |
| total: | 11 | 2060g | / | 565w |
| 0:07 | Altar of Storms |
| 0:10 | Orc Burrow |
| 0:11 | Peon |
| 0:31 | War Mill |
| 0:38 | Peon |
| 1:09 | Barracks |
| 1:56 | Peon |
| 2:15 | Troll Headhunter |
| 2:17 | Troll Headhunter |
| 2:38 | Peon |
| 2:46 | War Stomp |
| 2:56 | Orc Burrow |
| 4:31 | Troll Headhunter |
| 4:31 | Troll Headhunter |
| 5:16 | Troll Headhunter |
| 5:17 | Troll Headhunter |
| 5:17 | Troll Headhunter |
| 5:32 | Voodoo Lounge |
| 5:35 | Stronghold |
| 5:59 | Troll Headhunter |
| 6:15 | Orc Burrow |
| 7:20 | Steel Ranged Weapons |
| 7:38 | Potion of Healing |
| 7:39 | Healing Salve |
| 7:47 | Troll Headhunter |
| 7:47 | Troll Headhunter |
| 7:57 | Peon |
| 7:58 | Peon |
| 7:58 | Peon |
| 7:58 | Peon |
| 8:22 | Endurance Aura |
| 8:46 | Troll Regeneration |
| 9:14 | Barracks |
| 9:20 | War Stomp |
| 9:28 | Troll Headhunter |
| 9:28 | Troll Headhunter |
| 9:29 | Troll Headhunter |
| 9:35 | Orc Burrow |
| 9:37 | Steel Armor |
| 9:47 | Potion of Mana |
| 9:49 | Potion of Healing |
| 10:45 | Great Hall |
| 11:11 | Fortress |
| 11:35 | Troll Headhunter |
| 11:36 | Troll Headhunter |
| 12:25 | Thorium Ranged Weapons |
| 13:28 | Troll Headhunter |
| 13:29 | Troll Headhunter |
| 13:29 | Troll Headhunter |
| 13:32 | Berserker Upgrade |
| 13:34 | Troll Headhunter |
| 13:34 | Troll Headhunter |
| 13:38 | Endurance Aura |
| 13:49 | Potion of Mana |
| 13:49 | Potion of Healing |
| 13:50 | Orb of Lightning |
| 14:05 | Peon |
| 14:05 | Peon |
| 14:06 | Peon |
| 14:06 | Peon |
| 14:13 | Potion of Healing |
| 14:14 | Scroll of Town Portal |
| 14:16 | Troll Berserker |
| 14:17 | Troll Berserker |
| 15:21 | Arcanite Ranged Weapons |
| 15:22 | Troll Berserker |
| 15:23 | Troll Berserker |
| 15:25 | Troll Berserker |
| 15:25 | Troll Berserker |
| 15:56 | Troll Berserker |
| 15:57 | Troll Berserker |
| 15:57 | Troll Berserker |
| 15:59 | Troll Berserker |
| 16:27 | Troll Berserker |
| 16:29 | Troll Berserker |
| 16:42 | Orc Burrow |
| 16:53 | Troll Berserker |
| 16:55 | Troll Berserker |
| 17:30 | Troll Berserker |
| 17:31 | Troll Berserker |
| 17:32 | Troll Berserker |
| 17:32 | Troll Berserker |
| 17:33 | Troll Berserker |
| 18:38 | Thorium Armor |
| 18:39 | Troll Berserker |
| 18:40 | Troll Berserker |
| 19:33 | Troll Berserker |
| 19:33 | Troll Berserker |
| 19:34 | Troll Berserker |
| 19:35 | Troll Berserker |
| 19:35 | Troll Berserker |
| 19:37 | Troll Berserker |
| 19:37 | Troll Berserker |
| 19:39 | Troll Berserker |
| 20:12 | Troll Berserker |
| 20:12 | Troll Berserker |
| 20:14 | Troll Berserker |
| 20:14 | Troll Berserker |
| 20:14 | Troll Berserker |
| 20:30 | Scroll of Town Portal |
| 20:31 | Potion of Healing |
| 20:31 | Potion of Mana |
| 20:32 | Potion of Healing |
| 20:33 | Healing Salve |
| 21:16 | Troll Berserker |
| 21:17 | Troll Berserker |
| 21:19 | Troll Berserker |
| 22:01 | Troll Berserker |
| 22:02 | Troll Berserker |
| 22:04 | Troll Berserker |
| 22:04 | Troll Berserker |
| 22:25 | War Stomp |
| 23:07 | Troll Berserker |
| 23:07 | Troll Berserker |
| 23:08 | Troll Berserker |
| 23:23 | Troll Berserker |
| 23:23 | Troll Berserker |
| 23:23 | Troll Berserker |
| 23:26 | Troll Berserker |
| 23:28 | Troll Berserker |
| 24:00 | Arcanite Armor |
| 25:03 | Troll Berserker |
| 25:04 | Troll Berserker |
| 25:04 | Troll Berserker |
| 25:04 | Troll Berserker |
| 25:04 | Troll Berserker |
| 25:05 | Troll Berserker |
| 25:05 | Troll Berserker |
| 25:06 | Troll Berserker |
| 25:06 | Troll Berserker |
| 25:06 | Troll Berserker |
| Right click | 545 |
| Select | 279 |
| Build/train/purchase | 162 |
| Use ability | 12 |
| Item give/drop | 4 |
⇛